Cogmind - Beta 14 @@@ ROGUE MODE // 2024.09.06 @ 13:06:42 Player: FreshFromage Result: Destroyed by JO-TUU(R) with Subdweller Machine Gun Performance ------------- Evolutions (0) 0 Regions Visited (2) 400 Robots Destroyed (33) 165 Value Destroyed (811) 811 Prototype IDs (4) 80 Alien Tech Used (0) 0 Bonus (0) 0 TOTAL SCORE: 1456 Bonus ------- None Cogmind --------- Core Integrity 0/250 Matter 190/300 Energy 299/300 System Corruption 0% Temperature Cool (0) Movement Walking (140) Location -10/Subcaves Parts ------- > --- POWER (1) -------- (None) > --- PROPULSION (2) --- Makeshift Leg > --- UTILITY (2) ------ Medium Storage Unit Large Battery > --- WEAPON (2) ------- Beam Cannon > --- INVENTORY (10) --- Subdweller Power Source Light Treads Aluminum Leg Large Storage Unit High-capacity Matter Pod (0) Signal Interpreter Tractor Beam Battle Rifle Light Cannon Light Cannon Peak State ------------ > --- POWER ------------ Subdweller Power Source > --- PROPULSION ------- Makeshift Leg Makeshift Leg > --- UTILITY ---------- Medium Storage Unit Large Battery > --- WEAPON ----------- Battle Cannon Subdweller Shrapnel Launcher > --- INVENTORY -------- Subdweller Power Source Light Treads Aluminum Leg Large Storage Unit High-capacity Matter Pod Signal Interpreter Tractor Beam Light Cannon Light Cannon Light Cannon [Rating: 17] Favorites ----------- Power Ion Engine Engine Ion Engine Propulsion Aluminum Leg Leg Aluminum Leg Utility Medium Storage Unit Device Structural Scanner Storage Medium Storage Unit Weapon Light Cannon Energy Cannon Beam Cannon Ballistic Gun Assault Rifle Ballistic Cannon Light Cannon Launcher Subdweller Shrapnel Launcher Build | -11 -10 -10 ------- Run | Yrd Mat Sub Slots Evolved . | . . . Power . | . . . Propulsion . | . . . Utility . | . . . Weapon . | . . . Parts Attached 29 | 6 10 13 Power 6 | 1 . 5 Engine 6 | 1 . 5 Core . | . . . Reactor . | . . . Propulsion 9 | 2 4 3 Treads . | . . . Leg 9 | 2 4 3 Wheel . | . . . Hover . | . . . Flight . | . . . Utility 5 | 1 3 1 Device 2 | . 2 . Storage 3 | 1 1 1 Processor . | . . . Hackware . | . . . Protection . | . . . Artifact . | . . . Weapon 9 | 2 3 4 Energy Gun . | . . . Energy Cannon 1 | . . 1 Ballistic Gun 3 | 2 1 . Ballistic Cannon 3 | . 2 1 Launcher 2 | . . 2 Special Weapon . | . . . Impact Weapon . | . . . Slashing Weapon . | . . . Piercing Weapon . | . . . Special Melee Weapon . | . . . Unidentified Prototypes . | . . . Parts Lost 7 | . 1 6 Power 2 | . . 2 Propulsion 2 | . . 2 Utility 1 | . . 1 Weapon 2 | . 1 1 Highest Loss Streak 3 | . 1 3 To Critical Strikes . | . . . Average Slot Usage (%) 97 | . 97 97 Engine 13 | . 14 13 Leg 27 | . 27 27 Device 4 | . 12 1 Storage 21 | . 14 25 Energy Cannon 1 | . . 1 Ballistic Gun 5 | . 15 . Ballistic Cannon 15 | . 12 17 Launcher 5 | . . 8 Peak Build Rating 17 | 6 8 17 Average Rating 10 | 4 7 13 On Entrance 4 | . 6 8 Naked Turns . | . . . Heaviest Build 29 | 14 22 29 Greatest Support 40 | 20 20 40 Greatest Overweight (x) 2 | 2 1 2 Average Overweight (x) . | . . . Largest Inventory Capacity 10 | 8 10 10 Average Capacity 9 | 6 9 10 Most Carried 10 | 4 10 10 Average Carried 9 | 3 8 9 Final Capacity 10 | 8 10 10 Final Carried 10 | 4 10 10 Class Distribution -------------------- 94% | Mutant 5% | Derelict-Mutant Dominant Class ---------------- Mutant | -10/Materials Mutant | -10/Subcaves Resources | -11 -10 -10 ----------- Run | Yrd Mat Sub Matter Collected 1245 | 272 327 646 Remotely . | . . . Salvage Created 785 | 68 476 241 Parts 64 | 3 43 18 Haulers Intercepted . | . . . Recyclers Shooed . | . . . Parts Field Recycled . | . . . Retrieved Matter . | . . . Parts Self-Destructed 7 | . . 7 Prevented . | . . . Kills | -11 -10 -10 ------- Run | Yrd Mat Sub Combat Hostiles Destroyed 26 | . 14 12 Guns 11 | . 11 . Cannons 6 | . 3 3 AOE 9 | . . 9 Classes Destroyed 8 | 1 5 2 Worker 2 | . 2 . Builder 1 | . 1 . Recycler 1 | 1 . . Watcher 3 | . 3 . Swarmer 9 | . 9 . Grunt 5 | . 5 . Artisan 1 | . . 1 Subdweller 12 | . . 12 Best Kill Streak 6 | 1 6 3 Combat Bots Only 5 | . 5 3 Max Kills in Single Turn 2 | 1 1 2 Gunslinging . | . . . Exploded 2 | . . 2 Melee . | . . . Uniques/NPCs Destroyed . | . . . Combat | -11 -10 -10 -------- Run | Yrd Mat Sub Hostile Shots Fired 149 | . 80 69 Missed 49 | . 24 25 Damage Taken 1440 | . 523 917 Core 268 | . 60 208 Absorbed by Shields . | . . . Regen/Repaired (Parts) 89 | . 89 . Core Remaining (%) 100 | 100 . . Volleys Fired 89 | 3 41 45 Largest 2 | 2 2 2 Hottest 70 | 40 70 70 Shots Fired 149 | 6 82 61 Gun 74 | 6 68 . Cannon 53 | . 14 39 Launcher 22 | . . 22 Special . | . . . Kinetic 149 | 6 82 61 Thermal . | . . . Explosive . | . . . Electromagnetic . | . . . Robot Hit Streak 18 | 3 9 18 Robot Miss Streak 7 | 1 7 2 Penetration Max . | . . . Secondary Targets 3 | . 3 . Max Gunslinging Chain 1 | . 1 . Shots Hit Robots 93 | 4 46 43 Core Hits 46 | 2 25 19 Critical Kills . | . . . Critical Parts Destroyed . | . . . Critical Strikes . | . . . Melee Attacks . | . . . Impact . | . . . Slashing . | . . . Piercing . | . . . Sneak Attacks . | . . . Combat Hostiles . | . . . Follow-up Attacks . | . . . Damage Inflicted 2556 | 48 639 1869 Guns 579 | 48 531 . Cannons 659 | . 108 551 Explosions 1318 | . . 1318 Melee . | . . . Ramming . | . . . Kinetic 2556 | 48 639 1869 Thermal . | . . . Explosive . | . . . Electromagnetic . | . . . Impact . | . . . Slashing . | . . . Piercing . | . . . Highest Corruption . | . . . Average Corruption . | . . . Corruption Purged . | . . . Corruption Blocked . | . . . Overload Shots . | . . . Overflow Damage 29 | . . 29 Projectiles . | . . . Explosions 29 | . . 29 Melee . | . . . Knockbacks 3 | . . 3 Impact . | . . . Kinetic 3 | . . 3 Secondary . | . . . Self-Inflicted Damage 122 | . . 122 Shots 6 | . . 6 Rammed . | . . . Targets Rammed . | . . . Kicked . | . . . Crushed . | . . . Highest Temperature 54 | . 54 . Average Temperature 25 | . 25 . Received Heat Transfer 315 | . 102 213 Siege Activations . | . . . Robots Corrupted . | . . . Combat Hostiles . | . . . Parts Fried . | . . . Impact Corruptions . | . . . Robots Melted . | . . . Combat Hostiles . | . . . Parts Melted . | . . . Heat Transferred . | . . . Parts Sabotaged . | . . . Parts Stolen . | . . . Parts Stripped . | . . . Power Chain Reactions . | . . . Alert | -11 -10 -10 ------- Run | Yrd Mat Sub Peak Influence 327 | 5 327 . Initial 3 | . 3 . Average 111 | . 117 . Maximum Alert Level 1 | . 1 . Low Security (%) 91 | 100 91 . Level 1 8 | . 8 . Level 2 . | . . . Level 3 . | . . . Level 4 . | . . . Level 5 . | . . . High Security . | . . . Max Security . | . . . Squads Dispatched 2 | . 2 . Investigation 1 | . 1 . Extermination . | . . . Reinforcement 1 | . 1 . Assault . | . . . Garrison . | . . . Intercept . | . . . Searches Triggered . | . . . Construction Impeded . | . . . Haulers Reinforced . | . . . Active Scanning Responses . | . . . Cargo Convoy Interrupts . | . . . Stealth | -11 -10 -10 --------- Run | Yrd Mat Sub Distress Signals 1 | . 1 . Communications Jammed . | . . . Distress Signals . | . . . Times Spotted 39 | . 21 18 Peak Tracking Total 7 | . 7 6 Tactical Retreats . | . . . Traps | -11 -10 -10 ------- Run | Yrd Mat Sub Traps Triggered 2 | . 1 1 Indirectly . | . . . Trap Hack Attempts . | . . . Triggered . | . . . Disarmed . | . . . Reprogrammed . | . . . Reused . | . . . Traps Extracted . | . . . Installed . | . . . Triggered . | . . . Machines | -11 -10 -10 ---------- Run | Yrd Mat Sub Machines Disabled 1 | . 1 . Max in Single Turn 1 | . 1 . Machines Repaired . | . . . Machines Dismantled . | . . . Machines Sabotaged . | . . . Overloaded Fab Kills . | . . . Hacking | -11 -10 -10 --------- Run | Yrd Mat Sub Machines Accessed 10 | . 9 1 Terminals 7 | . 7 . Fabricators . | . . . Repair Stations 1 | . 1 . Recycling Units 1 | . 1 . Scanalyzers . | . . . Garrison Access . | . . . Total Hacks 31 | . 29 2 Successful 17 | . 15 2 Failed 13 | . 13 . Catastrophic 2 | . 2 . Database Lockouts 1 | . 1 . Manual 14 | . 14 . Terminals 23 | . 23 . Fabricators . | . . . Repair Stations 5 | . 5 . Recycling Units 1 | . 1 . Scanalyzers . | . . . Garrison Access . | . . . Terminal Hacks 10 | . 8 2 Record 2 | . . 2 Robot Analysis 3 | . 3 . Prototype ID Bank 3 | . 3 . Locate Traps 1 | . 1 . Zone Layout 1 | . 1 . Fabricator Hacks . | . . . Repair Station Hacks 4 | . 4 . Scan Component 2 | . 2 . Repair 2 | . 2 . Recycling Unit Hacks 1 | . 1 . Retrieve Components 1 | . 1 . Scanalyzer . | . . . Garrison Access Hacks . | . . . Unauthorized Hacks 2 | . 2 . Terminals 2 | . 2 . Botnet 2 | . 2 . Fabricators . | . . . Repair Stations . | . . . Recycling Units . | . . . Scanalyzers . | . . . Garrison Access . | . . . Data Cores Recovered . | . . . Used . | . . . Hacking Detections 7 | . 7 . Full Trace Events . | . . . Feedback Events . | . . . Feedback Blocked . | . . . Robot Schematics Acquired . | . . . Robots Built . | . . . Authchips . | . . . Time . | . . . Total Robot Build Rating . | . . . Part Schematics Acquired . | . . . Parts Built . | . . . Authchips . | . . . Time . | . . . Total Part Build Rating . | . . . Parts Repaired 2 | . 2 . Time 52 | . 52 . Parts Recycled . | . . . Recycled Matter . | . . . Retrieved Matter . | . . . Retrieved Components 2 | . 2 . Parts Scanalyzed . | . . . Part Schematics Acquired . | . . . Parts Damaged . | . . . Bothacking | -11 -10 -10 ------------ Run | Yrd Mat Sub Used RIF Installer . | . . . Robots Hacked . | . . . Non-combat . | . . . Combat . | . . . Robot Hacks Applied . | . . . Relay Couplers Released . | . . . Fabnet Peak Effective % . | . . . Robots Rewired . | . . . Allies Hacked . | . . . Hacks Repelled . | . . . Allies | -11 -10 -10 -------- Run | Yrd Mat Sub Total Allies . | . . . Largest Group . | . . . Highest-Rated Group . | . . . Highest-Rated Ally . | . . . Total Orders . | . . . Ally Attacks . | . . . Total Damage . | . . . Kills . | . . . Allies Corrupted . | . . . Allies Melted . | . . . Intel | -11 -10 -10 ------- Run | Yrd Mat Sub Robot Analysis Total 3 | . 3 . Derelict Logs Recovered 2 | . . 2 Drone Launches . | . . . Drone Recoveries . | . . . Exploration | -11 -10 -10 ------------- Run | Yrd Mat Sub Turns Passed 3744 | 70 1269 2405 Spaces Moved 2315 | 39 713 1563 Core 10 | 10 . . Treads . | . . . Legs 2305 | 29 713 1563 Wheels . | . . . Hover . | . . . Flight . | . . . Fastest Speed 50 | 50 120 130 Average Speed 139 | 113 144 138 Slowest Speed 260 | 150 190 260 Overloaded Moves . | . . . Propulsion Burnouts . | . . . Robots Hopped . | . . . Cave-ins Triggered . | . . . Exploration Rate (%) 59 | 4 93 80 Regions Visited 2 Branch Regions 1 Pre-discovered Areas 3 | . . 3 Known Exits Taken . | . . . Unknown Exits Taken 2 | 1 1 . Scrap Searched 3 | . . 3 Spaces Dug . | . . . Terrain Destroyed 240 | . . 240 Melee . | . . . Projectile 1 | . . 1 AOE 239 | . . 239 Terrain Rammed . | . . . Walls Destroyed . | . . . Machines Disabled . | . . . Actions | -11 -10 -10 --------- Run | Yrd Mat Sub Total 2675 | 55 874 1746 Wait 209 | 4 94 111 Move 2313 | 38 712 1563 Hop . | . . . Pick Up 17 | 4 9 4 Fast Attach 13 | 6 4 3 Attach 3 | . 1 2 Detach . | . . . Swap 13 | . 5 8 Drop 18 | . 8 10 Fire 89 | 3 41 45 Melee . | . . . Ram . | . . . Kick . | . . . Crush . | . . . Escape Stasis . | . . . Rewire . | . . . Trap . | . . . Miscellaneous . | . . . Route ------- -11/Scrapyard -10/Materials (discovered 6 exits: [*Mat x3] / [*Min x2] / *Sub) -10/Subcaves (discovered 3 exits: Mat x2 / *Rec) History --------- Turn | Location | Event 35 | -11/Scrapyard | Discovered new exit (range 15) 71 | -11/Scrapyard | Entered Materials 71 | -10/Materials | Discovered new exit (range 8) 257 | -10/Materials | Discovered new exit (range 14) 315 | -10/Materials | Build established: Mutant 390 | -10/Materials | Discovered new exit (range 7) 695 | -10/Materials | Discovered new exit (range 3) 851 | -10/Materials | Discovered new exit (range 10) 987 | -10/Materials | Repaired Aluminum Leg 1014 | -10/Materials | Repaired Aluminum Leg 1099 | -10/Materials | Discovered new exit (range 13) 1109 | -10/Materials | Central database locked down 1340 | -10/Materials | Entered Subcaves 2277 | -10/Subcaves | Visited Clippyterm 2281 | -10/Subcaves | Identified exit to Recycling 2281 | -10/Subcaves | Identified exit to Materials 2516 | -10/Subcaves | Learned location of Zion (-7) 2516 | -10/Subcaves | Met a Zionite searching for "candidates" 2633 | -10/Subcaves | Core integrity fell below 50% 2737 | -10/Subcaves | A swath of the cavern ceiling suddenly collapsed 3172 | -10/Subcaves | Shifting Twisted Machinery released Battle Rifle 3249 | -10/Subcaves | Shifting Twisted Machinery released Sub. Shrapnel Launcher 3420 | -10/Subcaves | Ambushed by Subdweller buried in earth 3437 | -10/Subcaves | Core integrity fell below 20% 3742 | -10/Subcaves | A Subdweller sparked back to life 3745 | -10/Subcaves | Destroyed by JO-TUU(R) with Subdweller Machine Gun Last Messages --------------- 03464_ Subatomizers dissect the Sub. Monowheel. 03464_ Dropped Sub. Shrapnel Launcher. 03465_ Acquired Beam Cannon. 03488_ Subatomizers dissect the Sub. Optics. 03632_ ET-G6B(u) tweaks Twisted Machinery. 03658_ Acquired 11 matter. 03684_ Acquired derelict log, extracted data. World map confirmed: -9/Materials. 03728_ Acquired 16 matter. 03729_ Acquired 14 matter. 03733_ Acquired 55 matter. 03736_ Acquired 35 matter. 03740_ Battle Cannon destroyed. 03740_ Acquired 15 matter. 03742_ Acquired 18 matter. 03742_ JO-TUU(R) creaks and sparks as it begins to move. 03742_ Mak. Leg destroyed. 03744_ Lgt. Ion Engine destroyed. Map ----- +----------------------------------------------------+ | ???????????????????# ?# ##?????????????????????? | | ??????????????????? # #?????????????????????? | | ??????????????????## ## #?????????????????????? | | ??????????????????? # ??????????????????????? | | ???????????????????# #??????????????????????? | | ???????????????????# #??????????????????????? | | ???????????????????# #??????????##??????????? | | ???????????????????# #?????????? #??????????? | | ???????????????????# #?????????? #??????????? | | ???????????????????# #????????? ####???????? | | ????? ???????????## ##???????? #???????? | | ????? ##?????#### #####???? #???????? | | ???? #????# ## ##### ##??????? | | ???? ???# #### ##?????? | | ?????? #??# ##?# #?????? | | ???????# #?## ###### #### #?????? | | ???????# #?### ##??# ##??# #?????? | | ?????????# #### #??# ##?? #?????? | | ????????????# #??# #?? #?????? | | ????????????#### ##??# ## ##? #?????? | | ???????????????# ####???###### #?# #?????? | | ??????????????## #???###?????# ### #?????? | | ??????????????# #"#####>#####?# ## #?????? | | ??????????????## ##"""" """"#?## #??????? | | ???????????????# ###" " " "#??## #??????? | | ???????????????# ;" t@t "#???# #??????? | | ???????????????# % #???##### ##?????? | | ??????????????# #???????# #?????? | | ????????? " "#???????# ##?????? | | ??????? ### ####???????## #?????? | | ?????? #### ### #?# "?????????## #?????? | | ???????????##??#######?#RR #????????# #?????? | | ??????????????????????? < ???????## ##?????? | | ??????????????????????? < ??????# #?????? | | ??????????????????????? ??#### #?????? | | ??????????????????????? & # ##?????? | | ??????????????????????< R # #?????? | | ?????????????????????? ### # # #?????? | | ?????????????????????? ## ##?##?### ###?????? | | ?????????????????????? ##?# ##???????# #???????? | | ??????????????????????? #??????????????# #???????? | | ???????????????????????#??????????????## #???????? | | ??????????????????????????????????????# ##???????? | | ??????????????????????????????????????# #????????? | | ??????????????????????????????????????# #????????? | | ??????????????????????????????????????# ##???????? | | ??????????????????????????????????????## #???????? | | ??????????????????????????????????????## #???????? | | ?????????????????????????????????????## ##???????? | | ###?????????????????????????????????## ##????????? | +----------------------------------------------------+ Best States ------------- Heat Dissipation 25 Energy Generation 15 Energy Capacity 450 Matter Stores 300 Matter Capacity 300 Sight Range 16 Terrain Scan Density 10 Evasion (%) 55 Item Schematics ----------------- None Robot Schematics ------------------ None Fabricated ------------ Nothing Alien Tech Used ----------------- None Achievements -------------- None Challenges ------------ None Game ------ Seed MagneticHypercooledDetonator Manual? 0 Play Time 00:30:18 Cumulative 70.0 hours Start 2024.09.06 @ 12:36:24 End 2024.09.06 @ 13:06:42 Sessions 1 Manual Loads 0 Difficulty Rogue Special Mode None Game No. 34 Rogue 34 Adventurer 0 Explorer 0 Win Type - Total 2 Types 2/0/0/0/0/0/0/0/0 Lore% 29 Gallery% 37 Achievement% 36 Wizard Run 0 Options --------- Layout 1 ASCII 0 Keyboard 0 Movement Vi Keybinds 0 Fullscreen 1 Font 24/Smallcaps Map View 50x35 Zoom Use 0% Tactical HUD 1 Map Filters NONE Filters NONE Steam 1 RUN: ea220fcc-3cfa-4e89-aa4a-f58eac6c4600